TOP OF THE 1ST |
St. Louis Browns batting - Pitching for Jersey Shore D-Bags : RHP Roland Martin
|
Pitching: RHP Roland Martin
|
|
Batting: SHB Ryobe Yamamoto
|
0-0: Called Strike 0-1: Ball 1-1: DOUBLE (Flyball, 7LD)
|
Batting: RHB Yoshihide Takahashi
|
0-0: Called Strike 0-1: Ball 1-1: Foul Ball, location: 2F 1-2: Ball 2-2: Foul Ball, location: 2F 2-2: SINGLE (Line Drive, 78S) Ryobe Yamamoto to third Runner from 3rd tries for Home, SAFE, no throw or cutoff
|
Batting: LHB Stan Hickman
|
0-0: Called Strike 0-1: Ball 1-1: Ball 2-1: Called Strike 2-2: Strikes out swinging
|
Batting: LHB Clinton Clark
|
0-0: Ball 1-0: Called Strike 1-1: Called Strike 1-2: Strikes out swinging
|
Batting: LHB Jorge Torres
|
0-0: Ball 1-0: Ball 2-0: Ground out U3 (Groundball, 3S)
|
Top of the 1st over - 1 run(s), 2 hit(s), 0 error(s), 1 left on base; St. Louis 1 - Jersey Shore 0 |
BOTTOM OF THE 1ST |
Jersey Shore D-Bags batting - Pitching for St. Louis Browns : RHP Aaron Palmer
|
Pitching: RHP Aaron Palmer
|
|
Batting: RHB Ricardo González
|
0-0: Called Strike 0-1: Ball 1-1: Fly out, F6 (Line Drive, 6)
|
Batting: RHB Millard Boyd
|
0-0: Called Strike 0-1: Ball 1-1: Foul Ball, location: 2F 1-2: Fly out, F4 (Popup, 4D)
|
Batting: LHB Dave Dodd
|
0-0: Called Strike 0-1: Ball 1-1: Swinging Strike 1-2: Ball 2-2: DOUBLE (Line Drive, 78D)
|
Batting: LHB Pat Zimmerman
|
0-0: Swinging Strike 0-1: Foul Ball, location: 2F 0-2: Strikes out swinging
|
Bottom of the 1st over - 0 run(s), 1 hit(s), 0 error(s), 1 left on base; St. Louis 1 - Jersey Shore 0 |
TOP OF THE 2ND |
St. Louis Browns batting - Pitching for Jersey Shore D-Bags : RHP Roland Martin
|
Batting: LHB Junior Coates
|
0-0: Swinging Strike 0-1: Ball 1-1: Ball 2-1: Called Strike 2-2: Strikes out swinging
|
Batting: LHB Víctor Hernández
|
0-0: Swinging Strike 0-1: Ball 1-1: Called Strike 1-2: Foul Ball, location: 2F 1-2: Foul Ball, location: 2F 1-2: Strikes out looking
|
Batting: RHB Carlos Alfaro
|
0-0: Foul Ball, location: 2F 0-1: Ground out 1-3 (Groundball, 15)
|
Top of the 2nd over - 0 run(s), 0 hit(s), 0 error(s), 0 left on base; St. Louis 1 - Jersey Shore 0 |
BOTTOM OF THE 2ND |
Jersey Shore D-Bags batting - Pitching for St. Louis Browns : RHP Aaron Palmer
|
Batting: LHB Dave Watt
|
0-0: Called Strike 0-1: Foul Ball, location: 2F 0-2: Ball 1-2: Foul Ball, location: 2F 1-2: Ball 2-2: DOUBLE (Flyball, 89D)
|
Batting: RHB Miguel Serna
|
0-0: Called Strike 0-1: Ground out 1-3 (Groundball, 25)
|
Batting: LHB Mike Bryant
|
0-0: Called Strike 0-1: Ball 1-1: Ball 2-1: Foul Ball, location: 2F 2-2: Ball 3-2: Foul Ball, location: 2F 3-2: Base on Balls
|
Batting: LHB Robert Phillips
|
0-0: Foul Ball, location: 2F 0-1: Called Strike Dave Watt is caught stealing 3rd base Mike Bryant to second 0-2: SINGLE (Groundball, 6MD) Mike Bryant to third Runner from 3rd tries for Home, SAFE, no throw or cutoff
|
Batting: RHB Owen Carter
|
0-0: Ball 1-0: DOUBLE (Flyball, 8LXD) Robert Phillips to third Runner from 3rd tries for Home, SAFE, throw made home
|
Batting: RHB Ricardo González
|
0-0: Ball 1-0: Ball 2-0: Foul Ball, location: 2F 2-1: SINGLE (Line Drive, 56D) Owen Carter to third Runner from 3rd tries for Home, throw and OUT!
|
Bottom of the 2nd over - 2 run(s), 4 hit(s), 0 error(s), 1 left on base; St. Louis 1 - Jersey Shore 2 |
TOP OF THE 3RD |
St. Louis Browns batting - Pitching for Jersey Shore D-Bags : RHP Roland Martin
|
Batting: RHB Mario Rosales
|
0-0: Ball 1-0: Foul Ball, location: 2F 1-1: Called Strike 1-2: Ball 2-2: Ball 3-2: Base on Balls
|
Batting: SHB Ryobe Yamamoto
|
0-0: Called Strike 0-1: Ball 1-1: Ball 2-1: Foul Ball, location: 2F 2-2: Fly out, F8 (Popup, 8LS)
|
Batting: RHB Yoshihide Takahashi
|
0-0: Swinging Strike 0-1: Swinging Strike 0-2: Foul Ball, location: 2F 0-2: Ball 1-2: Grounds into double play, U6-3 (Groundball, 6M)
|
Top of the 3rd over - 0 run(s), 0 hit(s), 0 error(s), 0 left on base; St. Louis 1 - Jersey Shore 2 |
BOTTOM OF THE 3RD |
Jersey Shore D-Bags batting - Pitching for St. Louis Browns : RHP Aaron Palmer
|
Batting: RHB Millard Boyd
|
0-0: Ball 1-0: Called Strike 1-1: Called Strike 1-2: Ground out 5-3 (Groundball, 56)
|
Batting: LHB Dave Dodd
|
0-0: Reached on error, E5 (Groundball, 56)
|
Batting: LHB Pat Zimmerman
|
0-0: Fielders Choice at 2nd, 4-6 (Groundball, 4)
|
Batting: LHB Dave Watt
|
0-0: Ball Pat Zimmerman is caught stealing 2nd base
|
Bottom of the 3rd over - 0 run(s), 0 hit(s), 1 error(s), 0 left on base; St. Louis 1 - Jersey Shore 2 |
TOP OF THE 4TH |
St. Louis Browns batting - Pitching for Jersey Shore D-Bags : RHP Roland Martin
|
Batting: LHB Stan Hickman
|
0-0: Called Strike 0-1: Swinging Strike 0-2: Ball 1-2: Strikes out swinging
|
Batting: LHB Clinton Clark
|
0-0: Ball 1-0: Swinging Strike 1-1: Ball 2-1: Ball 3-1: SINGLE (Line Drive, 78M)
|
Batting: LHB Jorge Torres
|
0-0: Ball 1-0: Ball 2-0: Swinging Strike 2-1: Called Strike 2-2: Foul Ball, location: 2F 2-2: Grounds into double play, U4-3 (Groundball, 4)
|
Top of the 4th over - 0 run(s), 1 hit(s), 0 error(s), 0 left on base; St. Louis 1 - Jersey Shore 2 |
BOTTOM OF THE 4TH |
Jersey Shore D-Bags batting - Pitching for St. Louis Browns : RHP Aaron Palmer
|
Batting: LHB Dave Watt
|
0-0: Called Strike 0-1: Ball 1-1: Swinging Strike 1-2: Fly out, F7 (Line Drive, 7M)
|
Batting: RHB Miguel Serna
|
0-0: Ball 1-0: Foul Ball, location: 2F 1-1: Ground out 5-3 (Groundball, 5)
|
Batting: LHB Mike Bryant
|
0-0: Swinging Strike 0-1: Swinging Strike 0-2: Ball 1-2: Strikes out swinging
|
Bottom of the 4th over - 0 run(s), 0 hit(s), 0 error(s), 0 left on base; St. Louis 1 - Jersey Shore 2 |
TOP OF THE 5TH |
St. Louis Browns batting - Pitching for Jersey Shore D-Bags : RHP Roland Martin
|
Batting: LHB Junior Coates
|
0-0: SINGLE (Line Drive, 8LS)
|
Batting: LHB Víctor Hernández
|
0-0: Ball 1-0: Foul Ball, location: 2F 1-1: Foul Ball, location: 2F 1-2: Strikes out looking
|
Batting: RHB Carlos Alfaro
|
0-0: Ball 1-0: Foul Ball, location: 2F 1-1: Ball 2-1: Foul Ball, location: 2F 2-2: Ball 3-2: SINGLE (Line Drive, 9LS) Junior Coates to second Runner from 2nd tries for 3rd, OUT! Carlos Alfaro to second
|
Batting: RHB Mario Rosales
|
0-0: Ball 1-0: Fly out, F9 (Flyball, 9LM)
|
Top of the 5th over - 0 run(s), 2 hit(s), 0 error(s), 1 left on base; St. Louis 1 - Jersey Shore 2 |
BOTTOM OF THE 5TH |
Jersey Shore D-Bags batting - Pitching for St. Louis Browns : RHP Aaron Palmer
|
Batting: LHB Robert Phillips
|
0-0: Called Strike 0-1: Fly out, F8 (Flyball, 8LS)
|
Batting: RHB Owen Carter
|
0-0: Called Strike 0-1: Called Strike 0-2: Strikes out swinging
|
Batting: RHB Ricardo González
|
0-0: Ball 1-0: Ball 2-0: Ground out 4-3 (Groundball, 4)
|
Bottom of the 5th over - 0 run(s), 0 hit(s), 0 error(s), 0 left on base; St. Louis 1 - Jersey Shore 2 |
TOP OF THE 6TH |
St. Louis Browns batting - Pitching for Jersey Shore D-Bags : RHP Roland Martin
|
Batting: SHB Ryobe Yamamoto
|
0-0: Ball 1-0: Ground out 3-1 (Groundball, 34)
|
Batting: RHB Yoshihide Takahashi
|
0-0: Called Strike 0-1: Ball 1-1: Foul Ball, location: 2F 1-2: Ball 2-2: Ground out 6-3 (Groundball, 6)
|
Batting: LHB Stan Hickman
|
0-0: Ball 1-0: Foul Ball, location: 2F 1-1: Fly out, F8 (Flyball, 8LM)
|
Top of the 6th over - 0 run(s), 0 hit(s), 0 error(s), 0 left on base; St. Louis 1 - Jersey Shore 2 |
BOTTOM OF THE 6TH |
Jersey Shore D-Bags batting - Pitching for St. Louis Browns : RHP Aaron Palmer
|
Batting: RHB Millard Boyd
|
0-0: Ball 1-0: Ball 2-0: Ball 3-0: Called Strike 3-1: Base on Balls
|
Batting: LHB Dave Dodd
|
0-0: Ball 1-0: Called Strike 1-1: Ball 2-1: Ball 3-1: 2-RUN HOME RUN (Flyball, 9D), Distance : 355 ft
|
Batting: LHB Pat Zimmerman
|
0-0: Ball 1-0: SOLO HOME RUN (Flyball, 7LD), Distance : 344 ft
|
Batting: LHB Dave Watt
|
0-0: Fly out, F6 (Popup, 6M)
|
Batting: RHB Miguel Serna
|
0-0: Ball 1-0: SINGLE (Line Drive, 89M)
|
Pitching: RHP Ramón Silva
|
|
Batting: LHB Mike Bryant
|
0-0: Called Strike 0-1: Called Strike 0-2: Strikes out swinging
|
Batting: LHB Robert Phillips
|
0-0: Called Strike 0-1: SINGLE (Line Drive, 6D) Miguel Serna to second
|
Batting: RHB Owen Carter
|
0-0: Ground out 1-3 (Groundball, 25)
|
Bottom of the 6th over - 3 run(s), 4 hit(s), 0 error(s), 2 left on base; St. Louis 1 - Jersey Shore 5 |
TOP OF THE 7TH |
St. Louis Browns batting - Pitching for Jersey Shore D-Bags : RHP Roland Martin
|
Batting: LHB Clinton Clark
|
0-0: Called Strike 0-1: Ball 1-1: Called Strike 1-2: Ground out U3 (Groundball, 3S)
|
Batting: LHB Jorge Torres
|
0-0: Called Strike 0-1: Ball 1-1: Foul Ball, location: 2F 1-2: SOLO HOME RUN (Flyball, 7D), Distance : 367 ft
|
Batting: LHB Junior Coates
|
0-0: Ball 1-0: Ball 2-0: Called Strike 2-1: Ball 3-1: SINGLE (Groundball, 34)
|
Pitching: RHP Paco Gutiérrez
|
|
Batting: LHB Víctor Hernández
|
0-0: Foul Ball, location: 2F 0-1: Ball 1-1: Swinging Strike 1-2: Foul Ball, location: 2F 1-2: Strikes out looking
|
Batting: RHB Carlos Alfaro
|
0-0: Ball 1-0: Ball 2-0: Foul Ball, location: 2F 2-1: Ground out 1-3 (Groundball, 15)
|
Top of the 7th over - 1 run(s), 2 hit(s), 0 error(s), 1 left on base; St. Louis 2 - Jersey Shore 5 |
BOTTOM OF THE 7TH |
Jersey Shore D-Bags batting - Pitching for St. Louis Browns : RHP Ramón Silva
|
Batting: RHB Ricardo González
|
0-0: Ball 1-0: Swinging Strike 1-1: Foul Ball, location: 2F 1-2: Foul Ball, location: 2F 1-2: Ball 2-2: Foul Ball, location: 2F 2-2: Ground out 4-3 (Groundball, 4M)
|
Batting: RHB Millard Boyd
|
0-0: Ball 1-0: Ball 2-0: Called Strike 2-1: SINGLE (Flyball, 78S)
|
Batting: LHB Dave Dodd
|
0-0: Called Strike 0-1: Ball Millard Boyd is caught stealing 2nd base 1-1: Foul Ball, location: 2F 1-2: Ball 2-2: Foul Ball, location: 2F 2-2: Ball 3-2: Fly out, F7 (Flyball, 7M)
|
Bottom of the 7th over - 0 run(s), 1 hit(s), 0 error(s), 0 left on base; St. Louis 2 - Jersey Shore 5 |
TOP OF THE 8TH |
St. Louis Browns batting - Pitching for Jersey Shore D-Bags : RHP Paco Gutiérrez
|
Now at 1B: Pedro Rodríguez
|
|
Now in RF: Lawrence Yates
|
|
Batting: RHB Mario Rosales
|
0-0: Called Strike 0-1: Ball 1-1: Swinging Strike 1-2: Foul Ball, location: 2F 1-2: Ball 2-2: Ball 3-2: Strikes out looking
|
Batting: SHB Ryobe Yamamoto
|
0-0: Ball 1-0: Called Strike 1-1: Ball 2-1: Swinging Strike 2-2: Fly out, F8 (Flyball, 8LD)
|
Batting: RHB Yoshihide Takahashi
|
0-0: Ball 1-0: Called Strike 1-1: Foul Ball, location: 2F 1-2: Strikes out looking
|
Top of the 8th over - 0 run(s), 0 hit(s), 0 error(s), 0 left on base; St. Louis 2 - Jersey Shore 5 |
BOTTOM OF THE 8TH |
Jersey Shore D-Bags batting - Pitching for St. Louis Browns : RHP Ramón Silva
|
Batting: LHB Pat Zimmerman
|
0-0: Called Strike 0-1: Ball 1-1: Swinging Strike 1-2: SINGLE (Flyball, 89S)
|
Batting: LHB Dave Watt
|
0-0: Ball Pat Zimmerman steals 2nd base 1-0: Ball 2-0: SINGLE (Line Drive, 9LS) Pat Zimmerman to third
|
Batting: RHB Miguel Serna
|
0-0: Ball 1-0: Fly out, F4 (Line Drive, 4)
|
Pitching: RHP Beau Brown
|
|
Batting: RHB Pedro Rodríguez
|
0-0: Ball 1-0: Foul Ball, location: 2F 1-1: Ball 2-1: Ball 3-1: Swinging Strike 3-2: Strikes out looking
|
Batting: RHB Lawrence Yates
|
0-0: Ball 1-0: Called Strike 1-1: Ball 2-1: Ball 3-1: Called Strike 3-2: Ground out 4-3 (Groundball, 4S)
|
Bottom of the 8th over - 0 run(s), 2 hit(s), 0 error(s), 2 left on base; St. Louis 2 - Jersey Shore 5 |
TOP OF THE 9TH |
St. Louis Browns batting - Pitching for Jersey Shore D-Bags : RHP Paco Gutiérrez
|
Pitching: LHP Gerald Johnson
|
|
Batting: LHB Stan Hickman
|
0-0: Called Strike 0-1: Foul Ball, location: 2F 0-2: Ball 1-2: SINGLE (Groundball, 6MD)
|
Batting: LHB Clinton Clark
|
0-0: Ball 1-0: Ball 2-0: Ball 3-0: Foul Ball, location: 2F 3-1: Called Strike 3-2: Foul Ball, location: 2F 3-2: Fielders Choice at 2nd, 3-6 (Groundball, 3)
|
Batting: LHB Jorge Torres
|
0-0: Foul Ball, location: 2F 0-1: Grounds into double play, U4-3 (Groundball, 4M)
|
Top of the 9th over - 0 run(s), 1 hit(s), 0 error(s), 0 left on base; St. Louis 2 - Jersey Shore 5 |
|